 Dungeon Crawl Stone Soup version 0.27-a0-633-gc6addc0a40 (webtiles) character file.

Game seed: 545668336432346174

52 jestyr24 the Shield-Bearer (level 3, 18/23 HPs)
             Began as a Gargoyle Fighter on Mar 14, 2021.
             Was an Initiate of Ru.
             Quit the game on level 2 of the Dungeon.
             The game lasted 00:04:23 (1045 turns).

jestyr24 the Shield-Bearer (Gargoyle Fighter)       Turns: 1045, Time: 00:04:24

Health: 18/23      AC: 10    Str: 19    XL:     3   Next: 85%
Magic:  3/3        EV:  7    Int:  9    God:    Ru [......]
Gold:   65         SH:  9    Dex:  9    Spells: 2/2 levels left

rFire    . . .     SeeInvis .   a - +0 flail
rCold    . . .     Faith    .   c - +0 kite shield
rNeg     + . .     Spirit   .   b - +0 scale mail
rPois    ∞         Reflect  .   (no helmet)
rElec    +         Harm     .   (no cloak)
rCorr    .         Rampage  .   (no gloves)
Will     .....                  (no boots)
Stlth    ..........             (no amulet)
HPRegen  0.07/turn              (no ring)
MPRegen  0.08/turn              (no ring)

@: no status effects
A: AC +3, negative energy resistance 1, electricity resistance, torment
resistance 1, unbreathing 1, petrification resistance
a: Renounce Religion, Sacrifice Artifice, Sacrifice Purity, Sacrifice Courage,
Reject Sacrifices


You were on level 2 of the Dungeon.
You worshipped Ru.
Ru was noncommittal.
You visited 1 branch of the dungeon, and saw 2 of its levels.

You collected 65 gold pieces.

Inventory:

Hand Weapons
 a - a +0 flail (weapon)
Missiles
 h - 73 stones (quivered)
Armour
 b - a +0 scale mail (worn)
 c - a +0 kite shield (worn)
 l - a +0 buckler
Scrolls
 e - 3 scrolls of fear {unknown}
 f - 2 scrolls of teleportation {unknown}
 j - 3 scrolls of noise {unknown}
 k - a scroll of enchant armour {unknown}
 m - 4 scrolls of identify {unknown}
Potions
 d - 2 potions of might
 g - a potion of invisibility {unknown}
 i - a potion of curing {unknown}


   Skills:
 + Level 3.6 Fighting
 + Level 2.5 Maces & Flails
 + Level 3.7 Armour
 + Level 0.5 Dodging
 + Level 3.9 Shields


You had 2 spell levels left.
You didn't know any spells.
Your spell library was empty.

Dungeon Overview and Level Annotations

Branches:
Dungeon (2/15)

Altars:
Ru


Innate Abilities, Weirdness & Mutations

Your stone body is resilient. (AC +3)
You are immune to poison.
You resist negative energy. (rN+)
You are resistant to electric shocks. (rElec)
You are resistant to unholy torment.
You can survive without breathing.
You are immune to petrification.


Message History

The adder bites you but does no damage.
You closely miss the adder.
The adder is moderately wounded.
The adder barely misses you. The adder bites you.
A hobgoblin comes into view. It is wielding a +0 club.
The hobgoblin shouts!
You hit the adder.
The adder is severely wounded.
You block the adder's attack. The adder bites you but does no damage.
You barely miss the adder.
The adder is severely wounded.
The adder bites you. The adder bites you but does no damage.
You miss the adder.
The adder is severely wounded.
The adder bites you but does no damage. x2
You hit the adder.
You kill the adder!
You see here an adder corpse.
You block the hobgoblin's attack.
You hit the hobgoblin.
The hobgoblin is severely wounded.
The hobgoblin barely misses you.
The hobgoblin hits you but does no damage.
You sock the hobgoblin!
You kill the hobgoblin!
f - 2 scrolls labelled ZUILEV MISHYTUOG (gained 1)
You now have 65 gold pieces (gained 18).
You see here a +0 club.
You enter the shallow water.
Moving in this stuff is going to be slow.
Found a robe.
There is a faded altar of an unknown god here.
You cannot tell which god this altar belongs to.
Convert to them anyway?
Okay, then.
You cannot tell which god this altar belongs to.
Convert to them anyway?
Ru accepts your prayer! Ru welcomes you!
Ru believes you are ready to make a new sacrifice.
Okay, then.
Are you sure you want to abandon this character and quit the game? (Confirm with "yes".)

'....'.........+.........#
#....###########.........#
#....'.........≈.....≈...#
#..).'####≈..≈≈≈≈≈≈.≈.≈..#
##.))....#≈≈≈≈≈≈≈≈≈≈≈≈.###
#........[.≈≈≈≈≈≈≈≈≈†.#
#......(...≈≈≈≈≈≈≈≈≈≈.#
#........≈≈≈≈≈≈.♣≈≈≈≈)#
#..........≈≈≈.@♣≈≈≈.≈#
+........≈.≈≈≈≈..≈≈≈..#
#..........≈≈≈≈≈≈≈≈≈...#
#..........≈≈≈≈≈≈≈≈≈≈≈.#
#.#.......≈≈≈≈≈≈≈≈≈≈...#
..###.##...≈≈....≈.≈≈≈..
...≈≈≈..≈≈....###
[#.#.....###.##


There were no monsters in sight!

Vanquished Creatures
  2 adders (D:2)
  2 leopard geckos (D:1)
  4 bats (D:1)
  A giant cockroach (D:2)
  8 goblins
  3 hobgoblins
  A ball python (D:1)
  6 kobolds
  3 rats (D:1)
30 creatures vanquished.

Vanquished Creatures (others)
  2 plants (D:1)
2 creatures vanquished.

Grand Total: 32 creatures vanquished

Notes
Turn   | Place    | Note
-------+----------+-------------------------------------------
     0 | D:1      | jestyr24 the Gargoyle Fighter began the quest for the Orb.
     0 | D:1      | Reached XP level 1. HP: 14/14 MP: 1/1
    70 | D:1      | Reached XP level 2. HP: 11/19 MP: 2/2
   900 | D:2      | Reached XP level 3. HP: 23/23 MP: 3/3
   990 | D:2      | Found a faded altar of an unknown god.
  1034 | D:2      | Became a worshipper of Ru the Awakened
  1045 | D:2      | Quit the game

Illustrated notes

Levels and vault maps discovered:
D:1:      heliophobic_arrival_battle_scene, layout_rooms, serial_bayou,
          serial_bayou_pond_b, serial_bayou_lagoon_a, serial_bayou_crossing,
          serial_bayou_shore_a
D:2:      layout_basic, chequers_ecumenical_altar_island

Action                   || total
-------------------------++-------
Melee: Flail             ||   125
Armor: Scale mail        ||   104
Dodge: Dodged            ||    65
Block: Kite shield       ||   109

Table legend: (Time is in decaauts)
 A = Elapsed time spent in this place.
 B = Non-inter-level travel time spent in this place.
 C = Inter-level travel time spent in this place.
 D = Time resting spent in this place.
 E = Time spent auto-exploring this place.
 F = Levels seen in this place.
 G = Mean time per level.
                   A        B        C        D        E       F      G
               +--------+--------+--------+--------+--------+-----+--------+
         Total |   1158 |   1150 |      8 |    131 |    593 |   2 |  579.0 |
       Dungeon |   1158 |   1150 |      8 |    131 |    593 |   2 |  579.0 |
               +--------+--------+--------+--------+--------+-----+--------+

Top non-repeatable levels by time:
     D:1: 981 daAuts
     D:2: 176 daAuts
